AoeStats
← Sanzo1405

Four Lakes

509983467Analyzed
1v1 RM · 4d ago on Sep 28, 2026· 28m 0s· 2 players
Game mode
Random Map
Map size
Tiny (2 player)
Population
200
Speed
Normal
Resources
Standard
Victory
Conquest
Starting age
Dark Age
Ending age
Imperial Age
RankedLock teamsTeams togetherTeam positionsShared explorationLock speedFull tech treeHidden civsTurbo modeCheats
Victory
Defeat
🇪🇸 Dravidians · Spain
1259
+16
🇩🇪 Saxons · Germany
1267
-16
Sanzo1405
7:50 Loom
9:54 Feudal Age
10:48 Double-Bit Axe
10:46 Fishing Lines
15:34 Fletching
16:28 Wheelbarrow
17:00 Padded Archer Armor
21:03 Castle Age
20:25 Gold Mining
21:05 Horse Collar
21:13 Town Watch
21:48 Bodkin Arrow
22:00 Thumb Ring
22:26 Bow Saw
22:08 Gillnets
22:41 Medium Warships
22:40 Elite Skirmisher
24:13 Hand Cart
26:03 Leather Archer Armor
27:47 Ballistics
LaZ4rus
11:04 Feudal Age
9:47 Loom
12:13 Double-Bit Axe
17:06 Castle Age
15:49 Fletching
18:18 Bodkin Arrow
19:29 Crossbowman
19:37 Crossbowman
20:42 Bow Saw
23:47 Scale Mail Armor
25:21 Elite Skirmisher
27:20 Padded Archer Armor
Connection lost

Rejoining the realm…

Still unreachable

The connection could not be restored.

Session expired

The server has moved on; the page needs a fresh start.